 Dungeon Crawl Stone Soup version 0.20.1-1-g8b1a95d (webtiles) character file.

310 Inchmeat the Spear-Bearer (level 6, 0/46 HPs)
             Began as a Merfolk Gladiator on Oct 11, 2017.
             Succumbed to a worker ant's poison
             ... on level 5 of the Dungeon.
             The game lasted 00:03:42 (2021 turns).

Inchmeat the Spear-Bearer (Merfolk Gladiator)       Turns: 2021, Time: 00:03:43

Health: 0/46       AC:  7    Str: 16    XL:     6   Next: 41%
Magic:  6/6        EV: 18    Int:  8    God:
Gold:   115        SH:  0    Dex: 20    Spells: 5/5 levels left

rFire    . . .     SeeInvis .   a - +0 trident
rCold    . . .     Gourm    .   (no shield)
rNeg     . . .     Faith    .   k - +0 ring mail
rPois    .         Spirit   .   c - +1 helmet
rElec    .         Reflect  .   (no cloak)
rCorr    .         Harm     .   (no gloves)
MR       .....                  (no boots)
Stlth    ++........             (no amulet)
Regen    0.2/turn               (no ring)
MPRegen  0.1/turn               (no ring)

@: agile, lethally poisoned (0 -> -9)
A: change form in water, swift swim, stealthy swim
a: no special abilities


You were on level 5 of the Dungeon.
You were hungry.

You visited 1 branch of the dungeon, and saw 5 of its levels.

You collected 115 gold pieces.

Inventory:

Hand Weapons
 a - a +0 trident (weapon)
Missiles
 d - 3 throwing nets (quivered)
Armour
 b - a +0 leather armour
 c - a +1 helmet (worn)
 k - a +0 ring mail (worn)
Scrolls
 g - a scroll of enchant armour
 i - a scroll of recharging {unknown}
 j - a scroll of amnesia {unknown}
 l - a scroll of teleportation {unknown}
 o - a scroll of magic mapping {unknown}
 p - a scroll of random uselessness {unknown}
Potions
 r - a potion of agility
Comestibles
 f - a bread ration
 h - a meat ration
 m - 2 chunks of flesh


   Skills:
 + Level 2.6 Fighting
 * Level 9.6 Polearms
 - Level 2.0 Throwing
 - Level 0.4 Armour
 - Level 4.0 Dodging
 - Level 0.2 Stealth


You had 5 spell levels left.
You didn't know any spells.

Dungeon Overview and Level Annotations

Branches:
Dungeon (5/15)
 Temple: D:4-7

Altars:

Annotations:
D:4 Dowan, Duvessa


Message History

* * * LOW HITPOINT WARNING * * *
You feel sick.
* * * LOW HITPOINT WARNING * * *
You feel sick.
As you read the scroll labeled LUOFIU CYATT, it crumbles to dust.
You feel blessed for a moment.
It was a scroll of remove curse.
* * * LOW HITPOINT WARNING * * *
You feel sick.
As you read the scroll labeled MYOVVO GUSATA, it crumbles to dust.
It is a scroll of enchant armour.
Your +0 helmet glows green for a moment.
* * * LOW HITPOINT WARNING * * *
You feel sick.
* * * LOW HITPOINT WARNING * * *
You feel sick.
Okay, then.
Okay, then.
* * * LOW HITPOINT WARNING * * *
You feel sick.
You die...

.. .# .###
...#
##.#.##.
#.###.......
#...@..#.#
#####.##.#
#...<#
#.#### #.#
#.. #.# ..#
###


There were no monsters in sight!

Vanquished Creatures
  A phantom (D:4)
  The ghost of 910rd the Digger, an amateur GrEE (D:3)
  An orc wizard (D:3)
  2 worker ants
  3 adders
  A dart slug (D:4)
  8 orcs
  2 giant cockroaches
  3 goblins
  3 hobgoblins (D:1)
  7 jackals
  A kobold (D:3)
  A quokka (D:4)
  A ball python (D:4)
  4 bats
  4 frilled lizards
  8 rats
51 creatures vanquished.

Notes
Turn   | Place    | Note
-------+----------+-------------------------------------------
     0 | D:1      | Inchmeat the Merfolk Gladiator began the quest for the Orb.
     0 | D:1      | Reached XP level 1. HP: 16/16 MP: 1/1
    66 | D:1      | Reached skill level 5 in Polearms
    75 | D:1      | Reached XP level 2. HP: 22/22 MP: 2/2
   813 | D:1      | You fall through a shaft!
   836 | D:2      | Reached XP level 3. HP: 27/27 MP: 3/3
  1090 | D:3      | Reached skill level 6 in Polearms
  1252 | D:3      | Reached skill level 7 in Polearms
  1252 | D:3      | Reached XP level 4. HP: 14/33 MP: 4/4
  1595 | D:3      | Noticed 910rd's ghost (amateur GrEE)
  1622 | D:3      | Killed 910rd's ghost
  1622 | D:3      | Reached skill level 8 in Polearms
  1622 | D:3      | Reached XP level 5. HP: 37/38 MP: 5/5
  1663 | D:4      | Noticed Duvessa
  1663 | D:4      | Noticed Dowan
  1885 | D:4      | Noticed a phantom
  1909 | D:4      | Killed a phantom
  1909 | D:4      | Reached skill level 9 in Polearms
  1909 | D:4      | Reached XP level 6. HP: 39/46 MP: 6/6
  2004 | D:5      | Entered Level 5 of the Dungeon
  2019 | D:5      | HP: 2/46 [poisoned by a worker ant]
  2021 | D:5      | Succumbed to a worker ant's poison

Skill      XL: |  1  2  3  4  5 |
---------------+----------------+-----
Polearms       | 5 7 8 9 |  9.6
Fighting       | |  2.6
Throwing       | |  2.0
Armour         | |  0.4
Dodging        | |  4.0
Stealth        | |  0.2

Action                   |  1- 3 |  4- 6 || total
-------------------------+-------+-------++-------
Melee: Trident           |   127 |   100 ||   227
  Use: Potion            |     1 |     3 ||     4
       Scroll            |       |     2 ||     2
 Stab: Distracted        |     1 |       ||     1
       Sleeping          |     1 |       ||     1
  Eat: Chunk             |     1 |     2 ||     3
Armor: Leather armour    |    21 |       ||    21
       Ring mail         |    30 |    25 ||    55
Dodge: Dodged            |    82 |    52 ||   134
